Map: Whispers of Gold

Players

wootwoot - Winner!

  • Race: Protoss Protoss
  • League: Platinum
  • Spawn Location: 9:00

Ravager

  • Race: Terran Terran
  • League: Platinum
  • Spawn Location: 5:00

VOD

Have the link to the VOD?

Description

Time

  • Played on: April 21, 2025, 4:22 p.m.
  • Length: 3:30
Show
View Real Time Build Order
Export as new Build Order

wootwoot Protoss - Winner!

Build Orders:  

Get SALT Encoding   

  12  0:00  Probe  
  13  0:12  Probe  
  14  0:18  Pylon  
  14  0:24  Probe  
  15  0:32  Probe  
  15  0:38  Gateway  
  15  0:41  Probe  
  16  0:48  Assimilator  
  17  0:50  Probe  
  17  0:57  Assimilator  
  18  1:03  Probe  
  19  1:09  Pylon  
  19  1:15  Probe  
  20  1:26  Cybernetics Core  
  20  1:27  Probe  
  21  1:39  Probe  
  22  1:51  Probe  
  23  2:02  Adept  
  23  2:03  Stargate  
  23  2:06  Pylon  
  25  2:20  Stargate  
  25  2:28  Shield Battery  
  25  2:38  Void Ray  
  29  2:54  Pylon  
Show
View Real Time Build Order
Export as new Build Order

Ravager Terran 

Build Orders: 2 Factory 

Get SALT Encoding   

  12  0:00  SCV  
  13  0:13  SCV  
  14  0:18  Supply Depot  
  14  0:25  SCV  
  15  0:39  SCV  
  15  0:40  Barracks  
  16  0:45  Refinery  
  16  0:54  SCV  
  17  1:06  SCV  
  18  1:18  SCV  
  19  1:29  Supply Depot  
  20  1:33  Marine  
  20  1:42  Orbital Command  
  20  1:45  Bunker  
  20  1:51  Factory  
  20  1:56  Refinery  
  20  2:08  SCV  
  21  2:12  Marine  
  22  2:33  SCV, Command Center  
  23  2:37  Factory Tech Lab  
  23  2:45  SCV  
  23  2:51  Factory  
  24  2:52  Barracks Reactor  
  24  2:57  SCV  
  25  3:06  Engineering Bay  
Tags
 
Add a new tag
Caveats
  • Supply blocks, unpowered buildings, or Contaminate may cause inaccurate times.
  • Supply counts are checked every 10 seconds.